 Dungeon Crawl Stone Soup version 0.32-a0-290-g598725c5f2 (webtiles) character file.

Game seed: 1812688641401762803

427 IdlyInterested the Ruffian (level 6, -6/42 HPs)
             Began as an Octopode Fighter on Feb 13, 2024.
             Mangled by a gnoll
             ... wielding a +0 spear
             ... led by a gnoll bouda
              (7 damage)
             ... on level 4 of the Dungeon.
             The game lasted 00:07:26 (3435 turns).

IdlyInterested the Ruffian (Octopode Fighter)       Turns: 3435, Time: 00:07:28

Health: -6/42      AC:  1    Str: 18    XL:     6   Next: 97%
Magic:  7/7        EV: 13    Int: 10    God:
Gold:   231        SH:  4    Dex: 11    Spells: 7/7 levels left

rFire   . .          .
                       - Unarmed
rCold   . . .        a - +0 buckler
rNeg    . . .        (helmet restricted)
rPois   .            y - amulet of the acrobat
rElec   .            (no ring)
rCorr   .            (no ring)
SInv    .            (no ring)
Will    .....        (no ring)
Stlth   ++           (no ring)
HPRegen 0.27/turn    (no ring)
MPRegen 0.10/turn    (no ring)
                     (no ring)

%: acrobat
@: weakened
A: almost no armour, amphibious, 8 rings, camouflage 1, gelatinous body 1,
(nimble swimmer 1), tentacles
a: no special abilities


You were on level 4 of the Dungeon.
You visited 1 branch of the dungeon, and saw 4 of its levels.

You collected 231 gold pieces.

Inventory:

Hand Weapons
 d - a +0 short sword
 j - a +0 rapier
 o - a +0 war axe of flaming
Missiles
 c - 22 stones (quivered)
 f - 10 poisoned darts
Armour
 a - a +0 buckler (worn)
 m - an orb of guile
Magical Staves
 e - a staff of alchemy
Jewellery
 s - an amulet of magic regeneration
 y - an amulet of the acrobat (around mantle)
Scrolls
 i - 5 scrolls of teleportation
 k - a scroll of revelation {unknown}
 l - a scroll of poison {unknown}
 p - a scroll of identify {unknown}
 q - a scroll of amnesia {unknown}
 u - a scroll of fog {unknown}
 v - a scroll of noise {unknown}
 w - a scroll of fear {unknown}
 x - a scroll of summoning {unknown}
Potions
 b - a potion of might
 g - a potion of mutation {unknown}
 h - a potion of attraction {unknown}
 n - a potion of lignification {unknown}
 r - a potion of berserk rage {unknown}
 t - a potion of enlightenment {unknown}


   Skills:
 - Level 3.0 Fighting
 - Level 1.0 Short Blades
 - Level 1.0 Throwing
 - Level 3.0 Dodging
 - Level 1.0 Stealth
 - Level 3.0 Shields
 * Level 5.6 Unarmed Combat
 - Level 1.0 Spellcasting
 + Level 0.8 Evocations
 - Level 3.0 Shapeshifting


You had 7 spell levels left.
You didn't know any spells.
Your spell library was empty.

Dungeon Overview and Level Annotations

Branches:
Dungeon (4/15)
 Temple: D:4-7

Altars:
Okawaru


Innate Abilities, Weirdness & Mutations

You cannot wear most types of armour.
You are amphibious.
You can wear up to eight rings at the same time.
Your skin changes colour to match your surroundings (Stealth+).
Your rubbery body absorbs attacks. (AC +1, EV +1)
((You are camouflaged when in or above water. (Stealth+)))
You have tentacles for arms and can constrict up to eight enemies at once.


Message History

The gnoll bouda barks out a call to the hunt!
The gnoll picks up the pace!
You tentacle-slap the gnoll bouda but do no damage.
The gnoll bouda is severely wounded.
Your attacks no longer feel as feeble.
You constrict the gnoll bouda.
The gnoll bouda gazes fiercely through you!
You feel your attacks grow feeble.
The gnoll bouda hits you with a +0 club!
You tentacle-slap the gnoll bouda.
The gnoll bouda is almost dead.
You constrict the gnoll bouda.
You kill the gnoll bouda!
You tentacle-slap the gnoll. You grab the gnoll. You squeeze the gnoll.
The gnoll is heavily wounded.
You constrict the gnoll. The gnoll barely misses you.
You block the gnoll's attack.
You tentacle-slap the gnoll.
The gnoll is almost dead.
You constrict the gnoll.
You kill the gnoll!
The gnoll barely misses you. The gnoll completely misses you.
You block the gnoll's attack.
Things that are here:
a +0 whip; a +0 club; a +0 leather armour You tentacle-slap the gnoll but do no damage.
You grab the gnoll. You constrict the gnoll. The gnoll barely misses you.
The gnoll hits you with a +0 spear.
You tentacle-slap the gnoll but do no damage.
The gnoll is lightly wounded.
You constrict the gnoll. The gnoll closely misses you.
The gnoll hits you with a +0 spear!
* * * LOW HITPOINT WARNING * * *
You tentacle-slap the gnoll.
The gnoll is moderately wounded.
You constrict the gnoll.
The gnoll hits you from afar with a +0 spear!
* * * LOW HITPOINT WARNING * * *
The gnoll hits you with a +0 spear!
You die...

†.'.... #...# ..#...
#g..# .# ..# #...#
.# ..# #)..# .# .##
. #...# .# ##
#$#####g..# .### #
#.......### ...
####....####.######
#...ggg@........
#....g###...####
###### #......# ##.#
.....# #....#.# ..
.....# #....#.# ..#
.....# #....#.. .#
.....#####.#####.. #
.....+.....# #..
.....####..########.


You could see 3 gnolls and a goblin.

Vanquished Creatures
  A scorpion (D:4)
  2 hounds (D:4)
  A gnoll bouda (D:4)
  Terence (D:3)
  An orc wizard (D:4)
  5 gnolls (D:4)
  3 adders
  3 dart slugs
  3 ribbon worms
  7 orcs
  6 bats
  7 endoplasms
  6 goblins
  8 hobgoblins
  3 jackals (D:4)
  2 quokkas
  6 ball pythons
  4 frilled lizards
  7 kobolds
  6 rats
82 creatures vanquished.

Notes
Turn   | Place    | Note
-------+----------+-------------------------------------------
     0 | D:1      | IdlyInterested the Octopode Fighter began the quest for the
                  | Orb.
     0 | D:1      | Reached XP level 1. HP: 16/16 MP: 1/1
    69 | D:1      | Reached skill level 1 in Shapeshifting
    69 | D:1      | Reached XP level 2. HP: 10/21 MP: 2/2
   332 | D:1      | Reached XP level 3. HP: 26/26 MP: 3/3
   527 | D:1      | You fall into a shaft and drop 1 floor!
   740 | D:2      | Reached XP level 4. HP: 31/31 MP: 4/4
   906 | D:1      | Found a faded altar of an unknown god.
  1135 | D:2      | Reached skill level 3 in Unarmed Combat
  1734 | D:3      | Noticed Terence
  1755 | D:3      | Killed Terence
  1810 | D:3      | Reached XP level 5. HP: 19/36 MP: 5/5
  2834 | D:4      | Found an iron altar of Okawaru.
  2884 | D:4      | Reached skill level 1 in Throwing
  2884 | D:4      | Reached skill level 4 in Unarmed Combat
  2888 | D:4      | Reached XP level 6. HP: 26/42 MP: 6/6
  2905 | D:4      | Reached skill level 1 in Short Blades
  3043 | D:4      | Reached skill level 1 in Stealth
  3049 | D:4      | Reached skill level 5 in Unarmed Combat
  3367 | D:4      | Reached skill level 1 in Spellcasting
  3435 | D:4      | HP: 1/42 [gnoll/+0 spear[a gnoll bouda] (10)]
  3435 | D:4      | Mangled by a gnoll

Illustrated notes

Levels and vault maps discovered:
D:1:      minmay_arrival_four_houses, layout_loops_ring,
          hellmonk_ecumenical_altar_pennies_from_heaven
D:2:      layout_basic
D:3:      layout_basic, grunt_ministairs_8, uniq_terence
D:4:      layout_basic, lemuel_tele_altar, small_statue_intersection

Skill      XL: |  1  2  3  4  5  6 |
---------------+-------------------+-----
Shapeshifting  | 1 2 3 |  3.0
Unarmed Combat | 3 4 5 |  5.6
Throwing       | 1 |  1.0
Short Blades   | 1 |  1.0
Stealth        | 1 |  1.0
Spellcasting   | 1 |  1.0
Fighting       | |  3.0
Dodging        | |  3.0
Shields        | |  3.0
Evocations     | |  0.8

Action                     |  1- 3 |  4- 6 || total
---------------------------+-------+-------++-------
  Melee: Unarmed           |    60 |   137 ||   197
         Tentacles         |    11 |    30 ||    41
         Constrict         |    15 |    34 ||    49
    Use: Scroll            |       |     1 ||     1
   Stab: Sleeping          |     5 |     4 ||     9
 Armour: Skin              |    30 |    61 ||    91
  Dodge: Dodged            |    36 |    71 ||   107
  Block: Buckler           |    15 |    14 ||    29

Table legend: (Time is in decaauts)
 A = Elapsed time spent in this place.
 B = Non-inter-level travel time spent in this place.
 C = Inter-level travel time spent in this place.
 D = Time resting spent in this place.
 E = Time spent auto-exploring this place.
 F = Levels seen in this place.
 G = Mean time per level.
                   A        B        C        D        E       F      G
               +--------+--------+--------+--------+--------+-----+--------+
         Total |   3427 |   3216 |    211 |    409 |   2067 |   4 |  856.8 |
       Dungeon |   3427 |   3216 |    211 |    409 |   2067 |   4 |  856.8 |
               +--------+--------+--------+--------+--------+-----+--------+

Top non-repeatable levels by time:
     D:3: 1232 daAuts
     D:1: 854 daAuts
     D:2: 749 daAuts
     D:4: 592 daAuts
